 Dungeon Crawl Stone Soup version 0.31-a0-920-g28cbb04a8c (webtiles) character file.

Game seed: 8890370102846261368

119 ytrimaz the Insei (level 5, -3/49 HPs)
             Began as an Octopode Shapeshifter on Oct 17, 2023.
             Slain by a gnoll
             ... wielding a +2 whip of distortion
              (16 damage)
             ... on level 3 of the Dungeon.
             The game lasted 00:02:05 (1390 turns).

ytrimaz the Insei (Octopode Shapeshifter)           Turns: 1390, Time: 00:02:06

Health: -3/49      AC: 22    Str: 13    XL:     5   Next: 3%
Magic:  5/5        EV:  2    Int: 13    God:
Gold:   73         SH:  0    Dex: 13    Spells: 4/4 levels left

rFire   . .          .
                       - Unarmed
rCold   . . .        (no shield)
rNeg    . . .        (helmet currently unavailable)
rPois   +            (no amulet)
rElec   .            (no ring)
rCorr   .            (no ring)
SInv    .            (no ring)
Will    .....        (no ring)
Stlth   ++           (no ring)
HPRegen 0.28/turn    (no ring)
MPRegen 0.09/turn    (no ring)
                     (no ring)

%: no passive effects
@: tree-form
A: stationary, stasis, torment immunity, boosted hp, almost no armour,
(amphibious), 8 rings, (camouflage 1), (gelatinous body 1), (nimble swimmer 1),
(tentacles)
a: no special abilities


You were on level 3 of the Dungeon.
You were a tree.
You visited 1 branch of the dungeon, and saw 3 of its levels.

You collected 73 gold pieces.


Innate Abilities, Weirdness & Mutations

You are a tree.
Your roots penetrate the ground, keeping you stationary.
You cannot be teleported.
You are immune to unholy pain and torment.
Your maximum health is greatly increased.
You cannot wear most types of armour.
((You are amphibious.))
You can wear up to eight rings at the same time.
((Your skin changes colour to match your surroundings (Stealth+).))
((Your rubbery body absorbs attacks. (AC +1, EV +1)))
((You are camouflaged when in or above water. (Stealth+)))
((You have tentacles for arms and can constrict up to eight enemies at once.))


   Skills:
 - Level 1.0 Fighting
 - Level 2.0 Dodging
 + Level 3.4 Stealth
 * Level 4.0 Unarmed Combat
 * Level 3.9 Shapeshifting


You had 4 spell levels left.
You didn't know any spells.
Your spell library contained the following spells:

 Spells                   Type           Power      Damage    Failure   Level
 Ensorcelled Hibernation  Hex/Ice        0%         N/A       43%         2
 Passwall                 Tmut/Erth      0%         N/A       43%         2
 Swiftness                Air            0%         N/A       67%         3

Inventory:

Talismans
 b - a beast talisman
 c - a flux talisman
Scrolls
 d - 2 scrolls of teleportation {unknown}
 e - a scroll of identify {unknown}
 f - 4 scrolls of enchant armour {unknown}
Potions
 h - a potion of might {unknown}
 i - 2 potions of magic {unknown}

Dungeon Overview and Level Annotations

Branches:
Dungeon (3/15) Zot: 16615

Altars:
Sif Muna

Annotations:
D:3 exclusion: door, Terence

###>.......'...#.....#
###.######...#.....#
#.# #...'.....# #.#
#...#.....# #.#
#...#.)...# ####.#
#...#...).# #....# ###
#.....#
####....#######
#.....#
#........ā™£....#
###..##
#.......##g##.# ##..##
#......##


gā™£ ##..# #.....[# gā™£ ##.# ######## .. #.# .. #.# ... # #.# ..) #.#####.##
#......... You could see 3 gnolls.


Message History

Placed new exclusion.
Reduced exclusion size to a single square.
There is a shimmering blue altar of Sif Muna here.
Key pressed, stopping explore.
A goblin comes into view. It is wielding a +0 club.
A goblin is nearby!
A goblin is nearby!
A goblin is nearby!
A kobold comes into view. It is wielding a +2 dagger of venom.
The kobold shouts!
You bludgeon the goblin!
You kill the goblin!
Things that are here:
a +0 club; a goblin corpse Unknown command.
You tentacle-slap the kobold but do no damage.
You grab the kobold.
You constrict the kobold, but do no damage.
The kobold hits you with a +2 dagger of venom.
You are poisoned. šŸ˜• HP[-3]
You take 3 damage, and now have 25/28 hp.
You tentacle-slap the kobold. You constrict the kobold.
You kill the kobold!
You feel very sick. šŸ˜• HP[-2]
You take 2 damage, and now have 23/28 hp.
No target in view!
Unknown command.
You feel sick.
You now have 73 gold pieces (gained 10).
Things that are here:
a +2 dagger of venom; a +0 scale mail; a kobold corpse You feel sick. šŸ˜® HP[-3]
You take 3 damage, and now have 20/28 hp.
You feel sick. šŸ˜® HP[-1]
You take 1 damage, and now have 19/28 hp.
You are too injured to fight recklessly!
You feel sick.
You feel sick.
You feel sick.
You feel sick.
You feel sick.
You are no longer poisoned.
Key pressed, stopping explore.
d - 2 scrolls labelled UQAPLE PYDONT (gained 1)
Found a stone staircase leading down.
i - 2 amethyst potions (gained 1)
f - 4 scrolls labelled MADWUY FOVUIWK (gained 3) 2 gnolls come into view.
A gnoll is wielding a +2 whip of distortion. šŸ˜Ž HP[+9]
Your hp is fully restored (28).
Okay, then.
The gnoll misses you.
The gnoll shouts!
The gnoll barely misses you.
You tentacle-slap the gnoll. You grab the gnoll. You constrict the gnoll.
The gnoll barely misses you.
A gnoll comes into view. It is wielding a +0 spear.
The gnoll shouts!
You tentacle-slap the gnoll. You constrict the gnoll.
A gnoll comes into view. It is wielding a +0 halberd.
The gnoll misses you.
The gnoll shouts!
You tentacle-slap the gnoll.
You kill the gnoll!
You have reached level 5!
You feel clever. šŸ˜Ž HP[+5] MP[+1]
You now have 33 max hp (+5).
Your hp is fully restored (33).
Your mp is fully restored (5).
You start waiting.
A gnoll is nearby!
The gnoll hits you with a +2 whip of distortion.
Space warps horribly around you!
* * * LOW HITPOINT WARNING * * *
šŸ˜Ø HP[-17]
You take 17 damage, and now have 16/33 hp.
MASSIVE DAMAGE!! (PAUSE)
Your transformation has ended.
You turn into a tree.
Your roots penetrate the ground.
The gnoll hits you but does no damage. Space warps around you!
* * * LOW HITPOINT WARNING * * *
The gnoll hits you but does no damage. šŸ˜Ø HP[+2]
You now have 49 max hp (+16).
You regained 2 hp, and now have 18/49 hp.
Unknown command.
You smack the gnoll!
The gnoll hits you with a +2 whip of distortion.
* * * LOW HITPOINT WARNING * * *
The gnoll hits you but does no damage. šŸ˜Ø HP[-5]
You take 5 damage, and now have 13/49 hp.
You hit the gnoll.
The gnoll hits you but does no damage. x2
Space warps horribly around you!
You die...

Skill      XL: |  1  2  3  4 |
---------------+-------------+-----
Stealth        | 1 2 3 |  3.4
Unarmed Combat | 4 |  4.0
Fighting       | |  1.0
Dodging        | |  2.0
Shapeshifting  | |  3.9

Action                     |  1- 3 |  4- 6 || total
---------------------------+-------+-------++-------
  Melee: Unarmed           |    69 |    35 ||   104
         Constrict         |    20 |     7 ||    27
         Tentacles         |    15 |     4 ||    19
    Use: Potion            |       |     2 ||     2
   Stab: Sleeping          |     7 |     5 ||    12
         Distracted        |     1 |       ||     1
 Armour: Skin              |    33 |    21 ||    54
  Dodge: Dodged            |    38 |    16 ||    54

Levels and vault maps discovered:
D:1:      lightli_arrival_statuegarden, layout_rooms
D:2:      layout_rooms, basic_ecumenical_altar, minivault_19
D:3:      layout_basic, led_sif_book, lemuel_round_altar, grunt_ministairs_11,
          pf_guarded_unrand_woodcutter, uniq_terence

Notes
Turn   | Place    | Note
-------+----------+-------------------------------------------
     0 | D:1      | ytrimaz the Octopode Shapeshifter began the quest for the
                  | Orb.
     0 | D:1      | Reached XP level 1. HP: 13/13 MP: 1/1
     0 | D:1      | magus.rc [v1.9.6]
    44 | D:1      | Reached skill level 1 in Stealth
    45 | D:1      | Reached XP level 2. HP: 17/18 MP: 2/2
   209 | D:1      | Reached skill level 2 in Stealth
   215 | D:1      | Reached XP level 3. HP: 23/23 MP: 3/3
   495 | D:2      | Found a faded altar of an unknown god.
   649 | D:2      | Reached XP level 4. HP: 22/28 MP: 4/4
   744 | D:2      | Reached skill level 3 in Stealth
   904 | D:2      | You pick up a book of Burglary and begin reading...
   904 | D:2      | You add the spells Passwall, Ensorcelled Hibernation and
                  | Swiftness to your library.
   993 | D:3      | Identified the "Ohevar"
   993 | D:3      | Noticed Terence
  1061 | D:3      | Reached skill level 4 in Unarmed Combat
  1122 | D:3      | Found a shimmering blue altar of Sif Muna.
  1136 | D:3      | HP: 6/28 [orc wizard] (9)]
  1385 | D:3      | Reached XP level 5. HP: 33/33 MP: 5/5
  1390 | D:3      | Slain by a gnoll

Vanquished Creatures
  A hound (D:3)
  A gnoll (D:3)
  2 adders
  A dart slug (D:1)
  2 ball pythons (D:2)
  6 endoplasms
  3 giant cockroaches
  3 goblins
  3 hobgoblins
  4 jackals (D:1)
  3 quokkas (D:1)
  10 bats
  6 frilled lizards
  8 kobolds
  6 rats
59 creatures vanquished.

Table legend:
 A = Non-vault XP
 B = Vault XP
 C = Vault XP percentage of total XP
 D = Non-vault monster count
 E = Vault monster count
 F = Vault count percentage of total count
                 A         B        C        D         E       F
            +---------+---------+-------+---------+---------+-------
      Total |     156 |      15 |   8.8 |      58 |       1 |   1.7
            +---------+---------+-------+---------+---------+-------
        D:1 |      48 |       0 |   0.0 |      29 |       0 |   0.0
        D:2 |      48 |       0 |   0.0 |      24 |       0 |   0.0
        D:3 |      60 |      15 |  20.0 |       5 |       1 |  16.7
            +---------+---------+-------+---------+---------+-------

Skill      XL: |  1  2  3  4 |
---------------+-------------+-----
Stealth        | 1 2 3 |  3.4
Unarmed Combat | 4 |  4.0
Fighting       | |  1.0
Dodging        | |  2.0
Shapeshifting  | |  3.9

Action                     |  1- 3 |  4- 6 || total
---------------------------+-------+-------++-------
  Melee: Unarmed           |    69 |    35 ||   104
         Constrict         |    20 |     7 ||    27
         Tentacles         |    15 |     4 ||    19
    Use: Potion            |       |     2 ||     2
   Stab: Sleeping          |     7 |     5 ||    12
         Distracted        |     1 |       ||     1
 Armour: Skin              |    33 |    21 ||    54
  Dodge: Dodged            |    38 |    16 ||    54

Illustrated notes

Table legend:
 A = Kills in this place as a percentage of kills in the entire game.
 B = Kills by you in this place as a percentage of kills by you in the entire game.
 C = Kills by friends in this place as a percentage of kills by friends in the entire game.
 D = Other kills in this place as a percentage of other kills in the entire game.
 E = Experience gained in this place as a percentage of experience gained in the entire game.
 F = Experience gained in this place divided by the number of levels of this place that you have seen.
                   A       B       C       D       E      F
               +-------+-------+-------+-------+-------+----------------------
         Total | 100.0 | 100.0 |   N/A |   N/A | 100.0 |  57.0
       Dungeon | 100.0 | 100.0 |   N/A |   N/A | 100.0 |  57.0
               +-------+-------+-------+-------+-------+----------------------

Table legend: (Time is in decaauts)
 A = Elapsed time spent in this place.
 B = Non-inter-level travel time spent in this place.
 C = Inter-level travel time spent in this place.
 D = Time resting spent in this place.
 E = Time spent auto-exploring this place.
 F = Levels seen in this place.
 G = Mean time per level.
                   A        B        C        D        E       F      G
               +--------+--------+--------+--------+--------+-----+--------+
         Total |   1383 |   1329 |     54 |     93 |    889 |   3 |  461.0 |
       Dungeon |   1383 |   1329 |     54 |     93 |    889 |   3 |  461.0 |
               +--------+--------+--------+--------+--------+-----+--------+

Top non-repeatable levels by time:
     D:2: 523 daAuts
     D:1: 490 daAuts
     D:3: 369 daAuts
